Map: Data-C

Players

Aspera

  • Race: Zerg Zerg
  • Spawn Location: 3:00

Zain - Winner!

  • Race: Protoss Protoss
  • Spawn Location: 9:00

Event: DreamHack SC2 Masters 2022 Atlanta (Offline)

VOD

Have the link to the VOD?

Description

Time

  • Played on: Nov. 18, 2022, 1:41 p.m.
  • Length: 5:12

All games in this series

Show
View Real Time Build Order
Export as new Build Order

Aspera Zerg 

Build Orders: Hatch First 

Get SALT Encoding   

  12  0:00  Drone  
  13  0:12  Overlord  
  13  0:17  Drone  
  14  0:30  Drone x2  
  16  0:49  Hatchery  
  15  0:52  Drone  
  15  0:55  Drone  
  17  0:59  Drone  
  18  1:05  Extractor  
  17  1:14  Spawning Pool  
  17  1:18  Drone  
  17  1:21  Drone  
  18  1:33  Drone  
  19  1:44  Drone  
  20  2:01  Queen x2  
  20  2:02  Zergling x2  
  20  2:03  Zergling x2, Drone  
  27  2:10  Metabolic Boost  
  27  2:20  Overlord  
  27  2:27  Drone  
  28  2:32  Overlord  
  28  2:38  Hatchery  
  27  2:54  Drone x2  
  27  2:55  Drone x2  
  31  2:59  Zergling x4  
  33  3:11  Zergling x4  
  35  3:22  Zergling x8  
  39  3:31  Zergling x4  
  41  3:37  Overlord  
  41  3:44  Overlord  
  41  3:46  Zergling x6  
  44  3:53  Overlord x2  
  44  4:09  Zergling x10  
  46  4:23  Zergling x12  
  48  4:31  Zergling x2  
  39  4:37  Zergling x2  
  34  4:41  Zergling x8  
  36  4:54  Zergling x14  
Show
View Real Time Build Order
Export as new Build Order

Zain Protoss - Winner!

Build Orders: 1 Gate Expand, Oracle Opening 

Get SALT Encoding   

  12  0:00  Probe  
  13  0:12  Probe  
  14  0:20  Pylon  
  14  0:24  Probe  
  15  0:38  Probe (Chrono Boost)  
  15  0:39  Gateway  
  16  0:46  Probe (Chrono Boost)  
  16  0:47  Assimilator  
  17  0:52  Probe  
  18  1:04  Probe  
  19  1:16  Probe  
  20  1:24  Nexus  
  20  1:34  Cybernetics Core  
  20  1:39  Probe  
  21  1:45  Assimilator  
  21  1:51  Probe  
  21  1:53  Pylon  
  22  2:03  Probe  
  23  2:11  Adept  
  23  2:15  Probe  
  26  2:19  Stargate  
  26  2:25  Pylon  
  26  2:27  Probe (Chrono Boost)  
  26  2:28  Warp Gate  
  29  2:38  Probe (Chrono Boost)  
  29  2:39  Probe (Chrono Boost)  
  29  2:44  Stalker  
  29  2:46  Probe x2 (Chrono Boost)  
  29  2:51  Probe (Chrono Boost)  
  33  2:53  Probe  
  35  3:01  Oracle (Chrono Boost)  
  35  3:03  Probe  
  39  3:05  Probe  
  39  3:11  Pylon  
  40  3:15  Probe  
  40  3:18  Probe  
  42  3:27  Probe  
  42  3:30  Probe  
  44  3:36  Nexus, Oracle (Chrono Boost)  
  44  3:40  Probe  
  48  3:45  Pylon  
  48  3:48  Probe  
  49  3:53  Probe  
  49  3:54  Twilight Council  
  50  3:58  Assimilator  
  50  4:00  Probe  
  46  4:13  Probe x2  
  34  4:21  Oracle (Chrono Boost)  
  35  4:28  Pylon  
  32  4:34  Probe  
  33  4:40  Adept, Probe  
  35  4:53  Gateway  
  35  4:56  Pylon  
Tags
 
Add a new tag
Caveats
  • Supply blocks, unpowered buildings, or Contaminate may cause inaccurate times.
  • Supply counts are checked every 10 seconds.